 Dungeon Crawl Stone Soup version bcrawl-1.37.2 (webtiles) character file.

Game seed: 2150721253937379294

299709 Corvidia the Ducker (level 11, -3/112 HPs)
             Began as a Demonspawn Venom Mage on Nov 28, 2022.
             Was a Priest of Wu Jian.
             Slain by an orc warrior
             ... wielding a +0 flail
              (13 damage)
             ... on level 10 of the Dungeon.
             The game lasted 00:35:18 (10870 turns).

Corvidia the Ducker (Demonspawn Venom Mage)        Turns: 10870, Time: 00:35:18

Health: -3/112     AC:  4    Str: 15    XL:     11   Next: 2%
Magic:  0/27       EV: 16    Int: 19    God:    Wu Jian [***...]
Gold:   453        SH:  0    Dex: 16    Spells: 6/20 levels left

rFire    . . .     GDR:     29%   - Claws (18.9)
rCold    . . .     SeeInvis .   (no shield)
rNeg     . . .     Gourm    .   y - +0 troll leather armour
rPois    .         Faith    .   t - +0 hat
rElec    +         Spirit   +   (no cloak)
rCorr    .         Reflect  .   (gloves unavailable)
MR       .....                  (no boots)
Stlth    ..........             s - amulet of guardian spirit
HPRegen  0.68/turn              x - ring of magical power
MPRegen  0.20/turn              D - ring of Exhibitionism {rElec Dex+3 Stlth++}

@: berserking, lethally poisoned (-3 -> -3), very quick
A: antennae 2, claws 3, fangs 1, hooves 2, demonic guardian 1, mutation
resistance 1, powered by death 1
a: Wall Jump, Serpent's Lash, Renounce Religion


You were on level 10 of the Dungeon.
You worshipped Wu Jian.
Wu Jian was most pleased with you.
You were hungry.

You visited 2 branches of the dungeon, and saw 11 of its levels.

You collected 679 gold pieces.
You spent 226 gold pieces at shops.

Inventory:

Missiles
 o - 630 poisoned tomahawks (quivered)
 G - a throwing net {=f}
Armour
 t - a +0 hat (worn)
 w - a scarf of stasis
 y - a +0 troll leather armour (worn)
Jewellery
 a - an uncursed ring of see invisible
 s - an amulet of guardian spirit (around neck)
 x - a ring of magical power (left claw)
 D - the ring of Exhibitionism (right claw) {rElec Dex+3 Stlth++}
   (You took it off a crimson imp on level 8 of the Dungeon)

   [ring of stealth]

   It affects your dexterity (+3).
   It insulates you from electricity.
   It makes you much more stealthy.
Wands
 C - a wand of random effects (8)
 J - a wand of polymorph (11)
Scrolls
 d - 3 scrolls of amnesia
 f - 7 scrolls of teleportation
 g - a scroll of immolation
 h - 2 scrolls of magic mapping
 i - 2 scrolls of identify
 k - 2 scrolls of enchant armour {unknown}
 l - 2 scrolls of noise {unknown}
 u - 4 scrolls of enchant weapon
 v - 5 scrolls of remove curse {unknown}
 z - a scroll of blinking
 A - a scroll of summoning {unknown}
 E - a scroll of acquirement {unknown}
 F - 2 scrolls of fear {unknown}
 H - a scroll of fog {unknown}
Potions
 b - 4 potions of heal wounds {unknown}
 c - 2 potions of berserk rage
 j - 2 potions of brilliance {unknown}
 m - 3 potions of haste {unknown}
 n - a potion of flight {unknown}
 p - 2 potions of might {unknown}
 q - 2 potions of agility {unknown}
 r - 5 potions of curing
 B - 2 potions of mutation
Comestibles
 e - 12 rations {!d}


   Skills:
 - Level 3.0 Fighting
 - Level 2.0 Armour
 + Level 7.3 Dodging
 - Level 2.0 Stealth
 + Level 6.9 Unarmed Combat
 - Level 5.0 Spellcasting
 - Level 4.0 Conjurations
 - Level 4.0 Summonings
 - Level 4.0 Translocations
 + Level 6.2 Transmutations
 - Level 6.0 Poison Magic


You had 6 spell levels left.
You knew the following spells:

 Your Spells              Type           Power        Failure   Level  Hunger
b - Poisonous Vapours     Pois/Air       ###...       7%          2    None
c - Blink                 Tloc           N/A          4%          2    None
d - Ignite Poison         Fire/Tmut/Pois ###.....     9%          3    ###....
e - Summon Scorpions      Summ/Pois      ###.....     19%         4    #####..
f - Mephitic Cloud        Conj/Pois/Air  ###.....     12%         3    ###....

Your spell library contained the following spells:

 Spells                   Type           Power        Failure   Level  Hunger
 Sting                    Conj/Pois      ###.         1%          1    None
 Magic Dart               Conj           ###.         3%          1    None
 Spider Form              Tmut/Pois      ###          3%          3    ###....
 Call Imp                 Summ           ###...       4%          2    None
 Olgreb's Toxic Radiance  Pois           ####.....    13%         4    #####..
 Conjure Flame            Conj/Fire      ##......     21%         3    ###....
 Venom Bolt               Conj/Pois      ###.......   47%         5    ######.


Dungeon Overview and Level Annotations

Branches:
Dungeon (10/12)            Temple (1/1) D:5            Lair (0/6) D:8
    Orc (0/1) D:10

Altars:
Ashenzari
Cheibriados
Dithmenos
Fedhas
Gozag
Hepliaklqana
Kikubaaqudgha
Lugonu
Makhleb
Nemelex Xobeh
Okawaru
Qazlal
Ru
Sif Muna
Trog
Uskayaw
Vehumet
Wu Jian
Xom
Yredelemnul

Shops:
D:4 (   D:6 ?%**   D:7 :


Innate Abilities, Weirdness & Mutations

You have a pair of antennae on your head.
You have claws for hands.
You have hoof-like feet.
A weak demonic guardian rushes to your aid.
You regenerate a little health from kills.
You have very sharp teeth.
You are somewhat resistant to further mutation.


Message History

You scratch the wolf spider zombie.
The wolf spider zombie is severely damaged.
You spin and attack the orc wizard.
You barely miss the orc wizard. Your bite misses the orc wizard.
The orc wizard is heavily wounded.
The wolf spider zombie misses you.
The wolf spider zombie bites you but does no damage.
Your ufetubus closely misses the wolf spider zombie.
Your ufetubus barely misses the wolf spider zombie.
The orc wizard barely misses you. The wolf spider zombie hits you!
* * * LOW HITPOINT WARNING * * *
The wolf spider zombie bites you!
* * * LOW HITPOINT WARNING * * *
Okay, then.
A red film seems to cover your vision as you go berserk!
You feel yourself moving faster!
You feel mighty!
Your ufetubus hits the wolf spider zombie but does no damage.
Your ufetubus hits the wolf spider zombie.
The orc warrior hits you with a +0 flail!
You die...

......##.##.#
#.........#.#
#...........#
#............
#...........#
#.........# #...5....#
#...@....# #..ooZ...#
#.$...5..#
##.#....ยง...#
#.....)))%..#
......#.##### #...###)#
# ##.####.########
#######
#..........^..###......


You could see an orc warrior, an orc wizard, a wolf spider zombie, a friendly
white imp and a friendly ufetubus.

Vanquished Creatures
  2 two-headed ogres
  A yaktaur (D:10)
  A komodo dragon (D:8)
  3 trolls
  Prince Ribbit (D:8)
  3 hippogriffs
  Sigmund (D:6)
  3 yaks (D:9)
  2 wyverns (D:8)
  A steam dragon (D:9)
  2 crocodiles (D:8)
  5 orc warriors
  A swamp drake (D:8)
  A sky beast (D:4)
  A hornet zombie (D:9)
  5 ice beasts
  2 ogres
  2 bullfrogs
  A gnoll sergeant (D:9)
  3 centaurs
  A wyvern skeleton (D:9)
  A scorpion (D:8)
  2 water moccasin skeletons
  3 orc priests
  5 crimson imps
  5 hounds
  A jelly (D:9)
  3 orc wizards
  An iguana (D:8)
  8 worker ants
  A hound zombie (D:8)
  2 hound skeletons
  2 worker ant zombies (D:8)
  12 gnolls
  9 adders
  4 shadow imps
  An adder zombie (D:6)
  6 worms
  2 dart slugs (D:1)
  2 leopard geckos (D:2)
  41 orcs
  3 bats
  4 giant cockroaches
  2 goblins
  7 hobgoblins
  4 jackals (D:2)
  2 quokkas
  5 frilled lizards
  9 kobolds
  A quokka skeleton (D:4)
  8 rats
198 creatures vanquished.

Vanquished Creatures (collateral kills)
  An orc warrior (D:10)
  An ogre (D:6)
  A water moccasin zombie (D:6)
  A howler monkey (D:5)
  2 crimson imps (D:6)
  A jelly (D:5)
  A hound skeleton (D:6)
  A gnoll (D:7)
  A howler monkey skeleton (D:6)
  A shadow imp (D:5)
  An orc (D:10)
12 creatures vanquished.

Grand Total: 210 creatures vanquished

Notes
Turn   | Place    | Note
-------+----------+-------------------------------------------
     0 | D:1      | Corvidia the Demonspawn Venom Mage began the quest for the
                  | Orb.
     0 | D:1      | Reached XP level 1. HP: 13/13 MP: 3/3
   120 | D:1      | Reached skill level 2 in Dodging
   362 | D:1      | Gained mutation: You have large cloven feet. [demonic
                  | ancestry]
   362 | D:1      | Reached XP level 2. HP: 19/19 MP: 0/5
   365 | D:1      | Learned a level 2 spell: Poisonous Vapours
   991 | D:1      | Gained mutation: A weak demonic guardian rushes to your
                  | aid. [demonic ancestry]
   991 | D:1      | Reached XP level 3. HP: 20/24 MP: 2/6
  1450 | D:2      | Reached skill level 1 in Unarmed Combat
  1704 | D:2      | Found a white marble altar of Elyvilon.
  2293 | D:2      | Gained mutation: You regenerate a little health from kills.
                  | [demonic ancestry]
  2293 | D:2      | Reached XP level 4. HP: 30/30 MP: 1/7
  2386 | D:3      | Found a glowing silver altar of Zin.
  2709 | D:3      | Found a blossoming altar of Fedhas.
  3469 | D:3      | Gained mutation: You have sharp fingernails. [demonic
                  | ancestry]
  3469 | D:3      | Reached XP level 5. HP: 36/36 MP: 4/8
  3728 | D:4      | Noticed an orc warrior
  3729 | D:4      | Noticed a sky beast
  3738 | D:4      | Killed an orc warrior
  3739 | D:4      | Reached skill level 1 in Fighting
  3739 | D:4      | Reached skill level 3 in Dodging
  3773 | D:4      | Killed a sky beast
  3774 | D:4      | Reached XP level 6. HP: 44/44 MP: 2/10
  4150 | D:4      | Found an ancient bone altar of Kikubaaqudgha.
  4308 | D:4      | Found Mubbugua's Weapon Shop.
  4325 | D:4      | Gained mutation: You have a pair of small antennae on your
                  | head. [demonic ancestry]
  4325 | D:4      | Reached XP level 7. HP: 45/50 MP: 6/11
  4783 | D:4      | Learned a level 2 spell: Blink
  4787 | D:4      | Learned a level 3 spell: Ignite Poison
  4792 | D:4      | Learned a level 4 spell: Summon Scorpions
  4861 | D:5      | Entered Level 5 of the Dungeon
  4865 | D:5      | Found a burning altar of Makhleb.
  5137 | D:5      | Found a shadowy altar of Dithmenos.
  5150 | D:5      | Found a staircase to the Ecumenical Temple.
  5171 | Temple   | Entered the Ecumenical Temple
  5348 | Temple   | Became a worshipper of the Wu Jian Council
  5833 | D:5      | Found a hazy altar of Hepliaklqana.
  5833 | D:5      | Found a snail-covered altar of Cheibriados.
  5991 | D:5      | Reached skill level 1 in Summonings
  5991 | D:5      | Reached skill level 1 in Translocations
  6139 | D:6      | Reached skill level 1 in Transmutations
  6139 | D:6      | Reached skill level 5 in Poison Magic
  6141 | D:6      | Gained mutation: You have very sharp fingernails. [demonic
                  | ancestry]
  6141 | D:6      | Reached XP level 8. HP: 24/57 MP: 0/13
  6226 | D:6      | Found Luynwett's Assorted Antiques.
  6240 | D:6      | Bought a glowing scarf for 144 gold pieces
  6327 | D:6      | Reached skill level 4 in Dodging
  6403 | D:6      | Noticed Sigmund
  6408 | D:6      | Killed Sigmund
  6467 | D:6      | Noticed a troll
  6472 | D:6      | Killed a troll
  6598 | D:6      | Reached * piety under Wu Jian
  6678 | D:6      | Found Kaleprit's Food Emporium.
  6781 | D:6      | Found Sosopt's Magic Scroll Shoppe.
  6784 | D:6      | Bought a scroll of blinking for 82 gold pieces
  7078 | D:6      | Found Qegom's Assorted Antiques.
  7208 | D:6      | Learned a level 3 spell: Mephitic Cloud
  7283 | D:7      | Reached skill level 1 in Armour
  7286 | D:7      | Gained mutation: You have a pair of antennae on your head.
                  | [demonic ancestry]
  7286 | D:7      | Reached XP level 9. HP: 22/63 MP: 3/15
  7388 | D:7      | Found an iron altar of Okawaru.
  7392 | D:7      | Found Wusm's Book Emporium.
  7913 | D:7      | Gained mutation: You have very sharp teeth. [potion of
                  | mutation]
  7913 | D:7      | Gained mutation: You have claws for hands. [potion of
                  | mutation]
  7913 | D:7      | Gained mutation: You are somewhat resistant to further
                  | mutation. [potion of mutation]
  7968 | D:8      | Noticed a troll
  7973 | D:8      | Noticed Prince Ribbit
  7974 | D:8      | Killed a troll
  8047 | D:8      | Killed Prince Ribbit
  8167 | D:8      | Reached skill level 5 in Dodging
  8421 | D:8      | Found a staircase to the Lair.
  8662 | D:8      | Noticed a komodo dragon
  8668 | D:8      | Killed a komodo dragon
  8668 | D:8      | Reached ** piety under Wu Jian
  8669 | D:8      | Reached skill level 5 in Spellcasting
  8669 | D:8      | Gained mutation: You have hoof-like feet. [demonic
                  | ancestry]
  8669 | D:8      | Reached XP level 10. HP: 70/70 MP: 17/17
  8692 | D:8      | Reached skill level 5 in Unarmed Combat
  9021 | D:8      | Identified the ring of Exhibitionism {rElec Dex+3 Stlth++}
  9368 | D:9      | Noticed a two-headed ogre
  9590 | D:9      | Killed a two-headed ogre
  9591 | D:9      | Reached skill level 6 in Dodging
  9760 | D:9      | Reached skill level 5 in Transmutations
 10206 | D:9      | Reached *** piety under Wu Jian
 10331 | D:10     | Entered Level 10 of the Dungeon
 10519 | D:10     | Reached skill level 7 in Dodging
 10841 | D:10     | Noticed a two-headed ogre
 10849 | D:10     | Killed a two-headed ogre
 10853 | D:10     | Mutation became permanent: You have very sharp fingernails.
                  | [demonic ancestry]
 10853 | D:10     | Gained mutation: You have claws for hands. [demonic
                  | ancestry]
 10853 | D:10     | Reached XP level 11. HP: 52/75 MP: 6/18
 10858 | D:10     | Found a staircase to the Orcish Mines.
 10870 | D:10     | Slain by an orc warrior

Skill      XL: |  1  2  3  4  5  6  7  8  9 10 |
---------------+-------------------------------+-----
Dodging        | 2 3 4 5 7 |  7.3
Unarmed Combat | 1 2 3 4 6 |  6.9
Poison Magic   | 4 5 6 |  6.0
Fighting       | 1 2 3 |  3.0
Conjurations   | 2 3 4 |  4.0
Spellcasting   | 3 4 5 |  5.0
Summonings     | 1 2 4 |  4.0
Translocations | 1 2 3 4 |  4.0
Transmutations | 1 2 3 6 |  6.2
Armour         | 1 2 |  2.0
Stealth        | |  2.0

Action                   |  1- 3 |  4- 6 |  7- 9 | 10-12 || total
-------------------------+-------+-------+-------+-------++-------
Melee: Unarmed           |    43 |    93 |   235 |   189 ||   560
       Kick              |    10 |    18 |    41 |    54 ||   123
       Bite              |       |       |     4 |    17 ||    21
       Punch             |       |       |     3 |    12 ||    15
Throw: Tomahawk          |       |       |    39 |       ||    39
 Cast: Sting             |    70 |    47 |    14 |       ||   131
       Poisonous Vapours |     7 |    17 |    51 |     9 ||    84
       Ignite Poison     |       |       |    13 |     6 ||    19
       Summon Scorpions  |       |       |     5 |     1 ||     6
       Mephitic Cloud    |       |       |     4 |    13 ||    17
Invok: Lunge             |       |       |    10 |    20 ||    30
       Whirlwind         |       |       |    37 |    40 ||    77
  Use: Scroll            |       |     2 |     7 |       ||     9
       Potion            |       |       |     1 |     1 ||     2
 Stab: Sleeping          |     2 |     1 |       |     3 ||     6
       Distracted        |       |       |     2 |       ||     2
       Confused          |       |       |       |     4 ||     4
  Eat: Chunk             |     5 |     9 |    20 |     6 ||    40
       Ration            |       |     1 |     2 |     2 ||     5
Armor: Robe              |     6 |    10 |     3 |       ||    19
       Troll leather arm |       |       |    41 |    18 ||    59
Dodge: Dodged            |    23 |    50 |   137 |   103 ||   313
